 Dungeon Crawl Stone Soup version 0.31.0-32-g396128a36d (webtiles) character file.

Game seed: 587289072797422905

63 PaiMei the Grave Robber (level 3, -2/24 HPs)
             Began as a Demonspawn Necromancer on Mar 29, 2024.
             Slain by a gnoll
             ... wielding a +0 halberd
             ... led by a gnoll bouda
              (7 damage)
             ... on level 2 of the Dungeon.
             The game lasted 00:02:22 (2430 turns).

PaiMei the Grave Robber (Demonspawn Necromancer)    Turns: 2430, Time: 00:02:23

Health: -2/24      AC:  4    Str:  8    XL:     3   Next: 89%
Magic:  1/6        EV: 12    Int: 17    God:
Gold:   91         SH:  0    Dex: 13    Spells: 6/7 levels left

rFire   . . .        c - +0 mace
rCold   . . .        (no shield)
rNeg    . . .        a - +0 robe
rPois   .            (no helmet)
rElec   .            (no cloak)
rCorr   .            q - +1 pair of gloves
SInv    .            (no boots)
Will    .....        k - amulet of the acrobat
Stlth   ++           (no ring)
HPRegen 0.24/turn    (no ring)
MPRegen 0.10/turn

%: acrobat
@: very slightly contaminated
A: claws 1, spiny 1
a: no special abilities


You were on level 2 of the Dungeon.
You visited 1 branch of the dungeon, and saw 3 of its levels.

You collected 91 gold pieces.

Inventory:

Hand Weapons
 c - a +0 mace (weapon)
Missiles
 g - 4 atropa-tipped darts (quivered)
 h - 2 poisoned darts
Armour
 a - a +0 robe (worn)
 q - a +1 pair of gloves (worn)
Jewellery
 k - an amulet of the acrobat (around neck)
Wands
 l - a wand of iceblast (12)
Scrolls
 d - 2 scrolls of identify {unknown}
 e - a scroll of vulnerability {unknown}
 i - a scroll of poison {unknown}
 j - a scroll of revelation {unknown}
Potions
 b - a potion of magic
 f - a potion of mutation {unknown}
 m - 2 potions of degeneration {unknown}
 n - 3 potions of lignification {unknown}
 o - a potion of might {unknown}
 p - a potion of curing {unknown}


   Skills:
 + Level 2.4 Dodging
 + Level 2.4 Stealth
 + Level 2.5 Spellcasting
 + Level 4.9 Necromancy


You had 6 spell levels left.
You knew the following spells:

 Your Spells              Type           Power      Damage    Failure   Level
a - Necrotise             Necr           72%        1d7       2%          1

Your spell library contained the following spells:

 Spells                   Type           Power      Damage    Failure   Level
 Vampiric Draining        Necr           18%        2d7       8%          3
 Apportation              Tloc           4%         N/A       19%         1
 Sting                    Conj/Alch      8%         1d3       19%         1
 Summon Small Mammal      Summ           8%         N/A       19%         1
 Animate Dead             Necr           18%        N/A       24%         4
 Curse of Agony           Necr           18%        N/A       56%         5


Dungeon Overview and Level Annotations

Branches:
Dungeon (3/15)

Altars:
Dithmenos

Shops:
D:1 *


Innate Abilities, Weirdness & Mutations

You have sharp fingernails.
You are partially covered in sharp spines.


Message History

Confirm with . or Enter, or press ? or * to list all spells.
Aiming: Necrotise (safe; 2% risk of failure)
Press: ? - help, Shift-Dir - straight line, f - gnoll
Aim: a gnoll, wielding a +0 halberd (lightly wounded, covering ground quickly, chance to affect: 83%)
The gnoll writhes in agony.
The gnoll hits you with a +0 halberd.
The gnoll bouda calls upon its god to heal the gnoll.
The gnoll's wounds heal themselves!
The gnoll misses you.
You climb upwards.
There is a stone staircase leading down here.
Casting: Necrotise (safe; 2% risk of failure)
Confirm with . or Enter, or press ? or * to list all spells.
Aiming: Necrotise (safe; 2% risk of failure)
Press: ? - help, Shift-Dir - straight line, f - gnoll
Aim: a gnoll, wielding a +0 halberd (covering ground quickly, chance to affect: 83%)
The gnoll writhes in agony.
The gnoll misses you.
Casting: Necrotise (safe; 2% risk of failure)
Confirm with . or Enter, or press ? or * to list all spells.
Aiming: Necrotise (safe; 2% risk of failure)
Press: ? - help, Shift-Dir - straight line, f/p - gnoll
Aim: a gnoll, wielding a +0 halberd (moderately wounded, covering ground quickly, chance to affect: 83%)
The gnoll barely resists.
The gnoll is no longer moving quickly.
The gnoll hits you with a +0 halberd!
Casting: Necrotise (safe; 2% risk of failure)
Confirm with . or Enter, or press ? or * to list all spells.
Aiming: Necrotise (safe; 2% risk of failure)
Press: ? - help, Shift-Dir - straight line, f/p - gnoll
Aim: a gnoll, wielding a +0 halberd (moderately wounded, chance to affect: 83%)
You miscast Necrotise.
You are very lightly contaminated with residual magic.
Nothing appears to happen.
The gnoll is struck by your spines. The gnoll hits you with a +0 halberd!
* * * LOW HITPOINT WARNING * * *
Casting: Necrotise (safe; 2% risk of failure)
Confirm with . or Enter, or press ? or * to list all spells.
Aiming: Necrotise (safe; 2% risk of failure)
Press: ? - help, Shift-Dir - straight line, f/p - gnoll
Aim: a gnoll, wielding a +0 halberd (heavily wounded, chance to affect: 83%)
You miscast Necrotise.
Nothing appears to happen.
The gnoll hits you with a +0 halberd!
You die...

####..#####.##.#...##..####
#####...........##.#...##..####
#.....##..####..##.#...........
#.######......(................
#.# ##.###..###.#.#.##.#.### #.#
#.# #..# #...#.##.#.# #.# #.#
#..# ##..#.##.#.# #.#
#.###..####..#.##.#.### #.#
#.....@......#...#..... #.#
#####g.####.#####.#.### ###.#
##.###...............###
..#.######.#.##.#####............
#...........#.#.# #############
....######...##.##########
####### ##..............# #
Z.....# #####.########.# #
#####.# ##.## #.# #


You could see a gnoll.

Vanquished Creatures
  2 adders (D:2)
  A dart slug (D:1)
  A ball python (D:1)
  7 endoplasms
  9 hobgoblins
  A quokka (D:2)
  3 bats
  3 frilled lizards
  3 goblins (D:1)
  5 kobolds
  6 rats
41 creatures vanquished.

Notes
Turn   | Place    | Note
-------+----------+-------------------------------------------
     0 | D:1      | PaiMei the Demonspawn Necromancer began the quest for the
                  | Orb.
     0 | D:1      | Reached XP level 1. HP: 13/13 MP: 3/3
   195 | D:1      | Found Helium's General Store.
   488 | D:1      | Gained mutation: You are partially covered in sharp spines.
                  | [demonic ancestry]
   488 | D:1      | Reached XP level 2. HP: 19/19 MP: 1/5
  1215 | D:1      | Found a shadowy altar of Dithmenos.
  1437 | D:2      | Gained mutation: You have sharp fingernails. [demonic
                  | ancestry]
  1437 | D:2      | Reached XP level 3. HP: 24/24 MP: 3/6
  2057 | D:3      | Noticed a scorpion
  2101 | D:3      | Found a faded altar of an unknown god.
  2430 | D:2      | Slain by a gnoll

Illustrated notes

Levels and vault maps discovered:
D:1:      dpeg_arrival_water_altar, layout_loops_corners, serial_shops,
          nicolae_square_shop, minmay_tetromino_i4
D:2:      layout_loops_ring
D:3:      layout_basic, lemuel_coloured_pillars_altar, serial_rivers,
          chequers_serial_rivers_small_3, chequers_serial_rivers_micro_e,
          chequers_serial_rivers_micro_b, chequers_serial_rivers_large_a,
          basic_ecumenical_altar, hangedman_decor_riveting, uniq_sigmund

Skill      XL: |  1 |
---------------+----+-----
Dodging        | 2 |  2.4
Stealth        | 2 |  2.4
Spellcasting   | |  2.5
Necromancy     | |  4.9

Action                     || total
---------------------------++-------
  Melee: Mace              ||     5
   Cast: Necrotise         ||    71
 Armour: Robe              ||     8
  Dodge: Dodged            ||    16
